cohdb
Replays
Latest Replays
All Replays
Popular Replays
Top Player Replays
Match Explorer
How It Works
Community
CoH3 Stats
Reddit
Sign in to upload your games and track your stats! →
Sign in with Steam
Match 47000418
Unlisted
Match 47000418
Overview
Messages
Build Orders
End
Kradschützen Motorcycle Team
Panzergrenadier Squad
Panzerpioneer Squad
Panzerpioneer Squad
Construct Light Support Kompanie
Selects Panzerjäger Kommand Battlegroup
MG34 Team
2.5-tonne Medical Truck
Selects Mine Fields
Construct Mechanized Kompanie
Panzerjäger Mechanized Group
8 Rad Armored Car
Selects Defensive Positions
Selects GrB 39 Grenade Launcher Requisition
8 Rad Armored Car
Marder III Tank Destroyer
Marder III Tank Destroyer
란카
Serika
didxogur09
aSIISpanky
็็็็็็็็็็
💧||CheckO||💧
0
0
Comments
sign in to comment!
No comments posted yet!